 Dungeon Crawl Stone Soup version 0.28-a0-474-g535839065c (webtiles) character file.

Game seed: 3529009027839093893

4727 Shayle the Martial Artist (level 10, -2/77 HPs)
             Began as a Djinni Warper on Sept 16, 2021.
             Was a High Priest of Zin.
             Slain by an ice beast (5 damage)
             ... summoned by Fannar
             ... on level 10 of the Dungeon.
             The game lasted 00:36:18 (14191 turns).

Shayle the Martial Artist (Djinni Warper)          Turns: 14191, Time: 00:36:18

Health: -2/77      AC:  8    Str: 10    XL:     10   Next: 73%
Gold:   1194       EV: 12    Int: 17    God:    Zin [*****.] SH:  4 Dex:  9

rFire   + . .      SeeInvis .   u - +6 hand axe of the Trees {spect, rPois rC+ Dex-5}
rCold   + . .      Faith    .   l - +0 buckler
rNeg    . . .      Spirit   .   w - +0 steam dragon scales
rPois   ∞          Reflect  .   (no helmet)
rElec   .          Harm     .   z - +1 cloak
rCorr   .          Rampage  .   v - +0 pair of gloves
Will    +....                   (boots unavailable)
Stlth   +.........              (no amulet)
HPRegen 0.22/turn               r - ring of ice
MPRegen 0.00/turn               (no ring)

@: mighty, flying
A: sickness immunity, fire resistance 2, cold vulnerability 1, float, innate
caster, hp casting, extra vitality 1
a: Renounce Religion, Recite, Vitalisation, Imprison, Sanctuary, Donate Gold


You were on level 10 of the Dungeon.
You worshipped Zin.
Zin was extremely pleased with you.
You visited 2 branches of the dungeon, and saw 11 of its levels.

You collected 1394 gold pieces.
You spent 63 gold pieces at shops.
You donated 137 gold pieces to Zin.

Inventory:

Hand Weapons
 h - a +2 short sword of freezing
 m - a +1 fustibalus of flaming
 p - a +1 flail of protection
 u - the +6 hand axe of the Trees (weapon) {spect, rPois rC+ Dex-5}
   (You found it on level 8 of the Dungeon)

   When its wielder attacks, the weapon's spirit leaps out and strikes again.
   The spirit shares a part of any damage it takes with its wielder.
   Dex:       It affects your dexterity (-5).
   rC:        It protects you from cold.
   rPois:     It protects you from poison.
 y - a +3 dagger of electrocution
Missiles
 d - 3 curare-tipped darts (quivered)
 e - a throwing net
 q - 43 poisoned darts
Armour
 a - a +1 leather armour
 l - a +0 buckler (worn)
 v - a +0 pair of gloves (worn)
 w - +0 steam dragon scales (worn)
 z - a +1 cloak (worn)
Jewellery
 r - a ring of ice (left hand)
 A - a ring of resist corrosion
Wands
 f - a wand of flame (28)
 j - a wand of iceblast (3)
 o - a wand of digging (6)
 C - a wand of mindburst (10)
Scrolls
 c - 2 scrolls of teleportation
 g - a scroll of silence
 i - a scroll of fog
 k - 2 scrolls of enchant weapon
 B - a scroll of amnesia {unknown}
 D - a scroll of holy word {unknown}
Potions
 b - a potion of might
 n - 3 potions of degeneration
 s - a potion of ambrosia {unknown}
 t - a potion of lignification {unknown}
 x - a potion of haste {unknown}
 E - a potion of cancellation {unknown}


   Skills:
 + Level 8.4 Fighting
 - Level 0.7 Throwing
 - Level 1.0 Armour
 + Level 4.0 Dodging
 + Level 2.6 Shields
 + Level 8.4 Unarmed Combat
 + Level 6.7 Spellcasting
 + Level 2.7 Invocations


You couldn't memorise any spells.
You knew the following spells:

 Your Spells              Type           Power      Damage    Failure   Level
a - Blink                 Tloc           N/A        N/A       1%          2
b - Lesser Beckoning      Tloc           28%        N/A       2%          3
c - Gell's Gravitas       Tloc           14%        N/A       2%          3
d - Teleport Other        Tloc           28%        N/A       2%          3
e - Manifold Assault      Tloc           28%        N/A       24%         5
f - Shock                 Conj/Air       100%       1d9       1%          1
g - Static Discharge      Conj/Air       28%        N/A       1%          2
h - Inner Flame           Hex/Fire       28%        N/A       2%          3
i - Swiftness             Air            28%        N/A       2%          3
Your spell library was empty.

Dungeon Overview and Level Annotations

Branches:
Dungeon (10/15)            Temple (1/1) D:5
   Lair: D:8-11         Orc: D:9-12

Altars:
Ashenzari
Cheibriados
Dithmenos
Elyvilon
Fedhas
Gozag
Hepliaklqana
Kikubaaqudgha
Makhleb
Nemelex Xobeh
Okawaru
Qazlal
Ru
Sif Muna
Trog
Uskayaw
Vehumet
Wu Jian
Yredelemnul
Zin
The Shining One

Shops:
D:3 :   D:7 [

Annotations:
D:2 1 runed translucent door, Crazy Yiuf
D:4 Natasha, Pikel
D:10 Fannar


Innate Abilities, Weirdness & Mutations

You are immune to sickness and miasma.
You are immune to poison.
Your flesh is very heat resistant. (rF++)
You are vulnerable to cold. (rC-)
You float through the air rather than walking.
You learn spells naturally, not from books.
Your magical power is your life essence.
You have superior vitality. (+4 HP)


Message History

You slice the ice beast!!
The ice beast is severely wounded.
You barely miss the ice beast.
The ice beast is severely wounded.
The ice beast hits you but does no damage. x2
You closely miss the ice beast.
The ice beast is severely wounded.
The ice beast hits you but does no damage.
You closely miss the ice beast.
The ice beast is severely wounded.
The ice beast hits you but does no damage.
Fannar gestures wildly while chanting.
You closely miss the ice beast.
The ice beast is severely wounded.
The ice beast closely misses you.
The ice beast hits you but does no damage.
You barely miss the ice beast.
The ice beast is severely wounded.
The ice beast misses you.
You slash the ice beast!
You kill the ice beast!
The ice beast disappears in a puff of smoke!
A cyclops comes into view.
You block the ice beast's attack.
Fannar hits you with a +0 quarterstaff of freezing!
Fannar freezes you.
Items here: ( ) ††.
Unknown command.
You slash Fannar!
Fannar is lightly wounded.
You slash the ice beast! You slash the cyclops!
The ice beast hits you but does no damage.
Fannar says, "I shall freeze you to your soul!"
Fannar hits you with a +0 quarterstaff of freezing!
Fannar freezes you. The cyclops hits you!!
* * * LOW HITPOINT WARNING * * *
The ice beast hits you.
* * * LOW HITPOINT WARNING * * *
The ice beast freezes you. You resist.
You die...

... .# ... ####.# ....
..... ..... .... ....#
#..# ####..### #..#
#####+######C.######
...kk##....@Y...?...
##.k########e.......
##....## #........
####..##########........
####..##.................
.##k.kk##................
##..##.k##......#######..
#.k############.# .< .k##
#..# #c#


You could see Fannar (strong), a cyclops, a rime drake and an ice beast
(summoned).

Vanquished Creatures
  Maurice (D:10)
  4 centaur zombies
  A shadow (D:7)
  5 wyverns
  2 steam dragons (D:8)
  An acid dragon (D:8)
  A water moccasin (D:7)
  Duvessa (D:6)
  An ice beast (D:5)
  A black bear (D:5)
  4 sky beasts
  4 centaurs
  A lemure (D:3)
  4 kobold brigands
  A bullfrog (D:8)
  2 gnoll sergeants
  Dowan (D:6)
  3 water moccasin zombies
  7 wights
  6 howler monkeys
  2 hounds (D:6)
  A centaur skeleton (D:5)
  2 bullfrog skeletons (D:6)
  2 iguanas
  2 orc wizards
  A howler monkey zombie (D:5)
  4 adders
  9 gnolls
  A shadow imp (D:5)
  2 white imps (D:7)
  3 worms
  3 dart slugs
  11 orcs
  3 endoplasms
  2 giant cockroaches
  7 hobgoblins
  7 jackals (D:1)
  A quokka (D:3)
  6 ball pythons
  8 bats
  5 frilled lizards
  3 goblins
  33 kobolds
  5 rats
174 creatures vanquished.

Vanquished Creatures (collateral kills)
  An orc priest (D:9)
  An orc wizard (D:9)
  2 orcs (D:9)
4 creatures vanquished.

Grand Total: 178 creatures vanquished

Notes
Turn   | Place    | Note
-------+----------+-------------------------------------------
     0 | D:1      | Shayle the Djinni Warper began the quest for the Orb.
     0 | D:1      | Reached XP level 1. HP: 18/18 MP: 0/0
   849 | D:2      | Reached XP level 2. HP: 22/23 MP: 0/0
  1020 | D:2      | Reached XP level 3. HP: 5/29 MP: 0/0
  1020 | D:2      | Learned a level 1 spell: Shock
  1465 | D:2      | Found a faded altar of an unknown god.
  1793 | D:2      | Found a runed translucent door.
  1794 | D:2      | Noticed Crazy Yiuf
  2792 | D:1      | Reached XP level 4. HP: 32/34 MP: 0/0
  3300 | D:3      | Found Fuppen's Book Boutique.
  4492 | D:4      | Reached XP level 5. HP: 36/40 MP: 0/0
  4492 | D:4      | Learned a level 2 spell: Static Discharge
  4598 | D:4      | Noticed a lemure
  4635 | D:3      | Killed a lemure
  4931 | D:4      | Noticed Pikel
  5576 | D:4      | Noticed Natasha
  5980 | D:5      | Entered Level 5 of the Dungeon
  5980 | D:5      | Noticed a sky beast
  6629 | D:5      | Noticed a sky beast
  6641 | D:5      | Killed a sky beast
  6642 | D:5      | Reached XP level 6. HP: 21/47 MP: 0/0
  6830 | D:5      | Noticed an ice beast
  6831 | D:5      | Found a staircase to the Ecumenical Temple.
  6847 | D:5      | Killed an ice beast
  6848 | D:5      | Reached XP level 7. HP: 38/52 MP: 0/0
  6848 | D:5      | Learned a level 3 spell: Inner Flame
  6855 | Temple   | Entered the Ecumenical Temple
  7088 | Temple   | Became a worshipper of Zin the Law-Giver
  7088 | Temple   | Reached * piety under Zin
  7419 | D:5      | HP: 1/53 [something (5)]
  8183 | D:5      | Reached skill level 5 in Fighting
  8183 | D:5      | Reached skill level 5 in Unarmed Combat
  8183 | D:5      | Reached XP level 8. HP: 45/60 MP: 0/0
  8750 | D:6      | Reached skill level 5 in Spellcasting
  9112 | D:6      | Noticed Dowan
  9235 | D:6      | Reached XP level 9. HP: 38/67 MP: 0/0
  9235 | D:6      | Learned a level 3 spell: Swiftness
 10172 | D:6      | You are sucked into a shaft and drop 3 floors!
 10375 | D:8      | Identified the +6 hand axe of the Trees {spect, rPois rC+
                  | Dex-5}
 10380 | D:8      | Reached ** piety under Zin
 10589 | D:6      | Noticed Duvessa
 10597 | D:6      | Killed Duvessa
 10617 | D:6      | Killed Dowan
 11243 | D:6      | Identified a scroll of acquirement
 11243 | D:6      | Acquired 855 gold pieces
 11244 | D:6      | Reached *** piety under Zin
 11244 | D:6      | Reached **** piety under Zin
 11354 | D:7      | Found Qenaliab's Armour Shop.
 11363 | D:7      | Bought a +0 cloak for 63 gold pieces
 11825 | D:8      | HP: 3/69 [gnoll sergeant (9)]
 11829 | D:8      | Reached XP level 10. HP: 4/76 MP: 0/0
 12291 | D:8      | Reached skill level 1 in Shields
 12291 | D:8      | Reached skill level 1 in Invocations
 13193 | D:8      | Reached ***** piety under Zin
 13419 | D:8      | Noticed a bunyip
 13419 | D:8      | Noticed a centaur warrior
 13419 | D:8      | Noticed a green ugly thing
 13784 | D:9      | You are sucked into a shaft and drop 1 floor!
 13784 | D:10     | Entered Level 10 of the Dungeon
 13855 | D:10     | Noticed Maurice
 13873 | D:10     | Killed Maurice
 14125 | D:10     | Noticed a rime drake
 14125 | D:10     | Noticed a rime drake
 14126 | D:10     | Noticed a rime drake
 14127 | D:10     | Found the +4 skin of Zhor {*Englaciate rC+++ SInv}
 14129 | D:10     | Noticed a rime drake
 14130 | D:10     | Noticed a rime drake
 14159 | D:10     | Noticed Fannar
 14160 | D:10     | Noticed a rime drake
 14189 | D:10     | Noticed a cyclops
 14191 | D:10     | HP: 3/77 [ice beast[Fannar] (1)]
 14191 | D:10     | Slain by an ice beast

Illustrated notes

Levels and vault maps discovered:
D:1:      saegor_arrival_simple_e, layout_loops_ring
D:2:      layout_loops_ring, hellmonk_ecumenical_altar_leap_of_faith,
          minmay_circled_x, uniq_crazy_yiuf_cottage
D:3:      layout_basic, serial_shops, shop, nrook_uturn, kennysheep_nondescript,
          minmay_cupped
D:4:      kennysheep_big_flooded_room, layout_basic, minmay_misc_feat_square,
          uniq_natasha, uniq_pikel
D:5:      layout_rooms, minmay_temple_entry_offerings, lightli_minifort
D:6:      layout_gridville, uniq_duvessa
D:7:      layout_basic, serial_shops, shop
D:8:      minmay_the_grid_square_5x5_3x3 [minmay_the_grid_square_5x5_lines,
          minmay_the_grid_square_5x5_plus, minmay_the_grid_square_5x5_meh,
          minmay_the_grid_square_5x5_doubleslash,
          minmay_the_grid_square_5x5_megaprize_crossed,
          minmay_the_grid_square_5x5_tri_point,
          minmay_the_grid_square_5x5_bracketed,
          minmay_the_grid_square_5x5_spiral,
          minmay_the_grid_square_5x5_broken_cross], layout_gridville
D:9:      layout_cave_pools, lair_entry_dummy, hiddenorc1_lemuel, uniq_psyche
D:10:     lemuel_bear_cage, layout_long_grid,
          mainiacjoe_overflow_concentric_impassable, minivault_19,
          hellmonk_guarded_unrand_zhor, uniq_fannar, uniq_maurice
Temple:   kilobyte_greek_temple

Skill      XL: |  1  2  3  4  5  6  7  8  9 10 |
---------------+-------------------------------+-----
Spellcasting   | 3 4 5 6 |  6.7
Fighting       | 3 4 5 6 7 8 |  8.4
Unarmed Combat | 3 4 5 6 7 8 |  8.4
Shields        | 2 |  2.6
Invocations    | 2 |  2.7
Dodging        | 4 |  4.0
Throwing       | |  0.7
Armour         | |  1.0

Action                   |  1- 3 |  4- 6 |  7- 9 | 10-12 || total
-------------------------+-------+-------+-------+-------++-------
Melee: Unarmed           |    97 |       |       |       ||    97
       Short sword       |    23 |    61 |       |       ||    84
       Flail             |       |     9 |   169 |       ||   178
       Punch             |       |       |     5 |     4 ||     9
       Hand axe          |       |       |    35 |   117 ||   152
Throw: Boomerang         |     4 |     1 |       |       ||     5
       Dart              |       |     4 |    33 |    12 ||    49
 Cast: Shock             |    21 |   104 |    20 |     1 ||   146
       Blink             |       |     3 |     6 |       ||     9
       Teleport Other    |       |     3 |       |       ||     3
       Static Discharge  |       |     2 |     2 |       ||     4
       Inner Flame       |       |       |     7 |     2 ||     9
Evoke: Wand              |       |       |     1 |       ||     1
  Use: Scroll            |     1 |     5 |    11 |     1 ||    18
       Potion            |       |     2 |     2 |     2 ||     6
 Stab: Sleeping          |       |     1 |       |       ||     1
       Distracted        |       |       |       |     1 ||     1
Armor: Leather armour    |    31 |    27 |   153 |    26 ||   237
       Steam dragon scal |       |       |       |    23 ||    23
Dodge: Dodged            |    71 |    50 |   171 |    78 ||   370
Block: Buckler           |       |       |       |     9 ||     9

Table legend: (Time is in decaauts)
 A = Elapsed time spent in this place.
 B = Non-inter-level travel time spent in this place.
 C = Inter-level travel time spent in this place.
 D = Time resting spent in this place.
 E = Time spent auto-exploring this place.
 F = Levels seen in this place.
 G = Mean time per level.
                   A        B        C        D        E       F      G
               +--------+--------+--------+--------+--------+-----+--------+
         Total |  14324 |  13873 |    451 |   5147 |   6133 |  11 | 1302.2 |
       Dungeon |  14059 |  13664 |    395 |   5147 |   5930 |  10 | 1405.9 |
        Temple |    265 |    209 |     56 |      0 |    203 |   1 |  265.0 |
               +--------+--------+--------+--------+--------+-----+--------+

Top non-repeatable levels by time:
     D:5: 2148 daAuts
     D:2: 2081 daAuts
     D:8: 2039 daAuts
     D:3: 1873 daAuts
     D:7: 1614 daAuts
     D:6: 1472 daAuts
     D:1: 1198 daAuts
     D:4: 1160 daAuts
    D:10: 425 daAuts
  Temple: 265 daAuts
     D:9: 44 daAuts
